 Dungeon Crawl Stone Soup version 0.27-a0-1256-gced786f65e (webtiles) character file.

Game seed: 15500116573632001847

168 Zonian the Conjurer (level 5, -4/37 HPs)
             Began as a Human Conjurer on June 10, 2021.
             Was an Initiate of Ashenzari.
             Slain by a gnoll
             ... wielding a +0 spear
              (8 damage)
             ... on level 4 of the Dungeon.
             The game lasted 00:05:34 (5075 turns).

Zonian the Conjurer (Human Conjurer)                Turns: 5075, Time: 00:05:35

Health: -4/37      AC:  6    Str:  7    XL:     5   Next: 78%
Magic:  1/10       EV: 12    Int: 20    God:    Ashenzari [......]
Gold:   138        SH:  0    Dex: 11    Spells: 8/11 levels left

rFire    . . .     SeeInvis +   c - +1 rapier
rCold    . . .     Faith    .   (no shield)
rNeg     . . .     Spirit   .   a - +0 robe "Shackled Visionary" {Elem, Self} (curse)
rPois    .         Reflect  .   (no helmet)
rElec    .         Harm     .   (no cloak)
rCorr    .         Rampage  .   (no gloves)
Will     .....                  (no boots)
Stlth    +.........             (no amulet)
HPRegen  0.12/turn              m - +4 ring of protection
MPRegen  0.12/turn              i - ring of see invisible

@: lit by a corona, glowing
A: no striking features
a: Renounce Religion, Curse Item, Shatter the Chains


You were on level 4 of the Dungeon.
You worshipped Ashenzari.
Ashenzari was noncommittal.
You visited 1 branch of the dungeon, and saw 4 of its levels.

You collected 138 gold pieces.

Inventory:

Hand Weapons
 b - a +0 dagger
 c - a +1 rapier (weapon)
Armour
 a - the cursed +0 robe "Shackled Visionary" (worn) {Elem, Self}

   It has a curse which improves the following skills: Elements: Fire Magic, Ice
   Magic, Air Magic and Earth Magic.
   Introspection: Fighting and Spellcasting.
 n - a scarf of invisibility
Jewellery
 i - a ring of see invisible (right hand)
 m - a +4 ring of protection (left hand)
Scrolls
 d - a scroll of enchant armour
 e - a scroll of silence
 f - 4 scrolls of identify
 k - a scroll of magic mapping
Potions
 h - a potion of resistance


   Skills:
 + Level 0.8(1.1) Fighting
 + Level 1.5 Short Blades
 + Level 2.4 Dodging
 + Level 2.9 Stealth
 + Level 3.0(3.5) Spellcasting
 + Level 4.9 Conjurations


You had 8 spell levels left.
You knew the following spells:

 Your Spells              Type           Power      Damage    Failure   Level
a - Magic Dart            Conj           92%        1d7       1%          1
b - Searing Ray           Conj           46%        3d4       2%          2

Your spell library contained the following spells:

 Spells                   Type           Power      Damage    Failure   Level
 Dazzling Flash           Conj/Hex       26%        N/A       14%         3
 Fulminant Prism          Conj/Hex       6%         3d7       43%         4
 Iskenderun's Mystic Bla  Conj/Tloc      13%        2d5       43%         4


Dungeon Overview and Level Annotations

Branches:
Dungeon (4/15)
 Temple: D:4-7

Altars:
Ashenzari
Fedhas

Shops:
D:3 [


Message History

You feel much better. The gnoll misses you.
The gnoll hits you but does no damage.
Unknown command.
You hit the gnoll.
The gnoll is heavily wounded.
The gnoll hits you from afar with a +0 spear!
The gnoll hits you with a +0 flail.
* * * LOW HITPOINT WARNING * * *
Unknown command.
Casting: Searing Ray (safe; 2% risk of failure)
Confirm with . or Enter, or press ? or * to list all spells.
Aiming: Searing Ray (safe; 2% risk of failure)
Press: ? - help, Shift-Dir - straight line, f - gnoll
Aim: a gnoll, wielding a +0 flail (heavily wounded, 81% to hit)
The searing ray hits the gnoll!
You kill the gnoll! (Press . to maintain the ray.)
The gnoll hits you from afar with a +0 spear.
* * * LOW HITPOINT WARNING * * *
You feel better.
The gnoll hits you from afar with a +0 spear.
* * * LOW HITPOINT WARNING * * *
Unknown command.
The gnoll completely misses you.
Items here: )) [ †.
You completely miss the gnoll. The gnoll hits you with a +0 spear.
* * * LOW HITPOINT WARNING * * *
You hit the gnoll but do no damage. The gnoll hits you with a +0 spear.
* * * LOW HITPOINT WARNING * * *
Unknown command.
Okay, then.
You aren't carrying any items that you can evoke.
Unknown command.
As you read the scroll of fear, it crumbles to dust.
You assume a fearsome visage.
The gnoll resists with some effort.
The gnoll barely misses you.
You hit the gnoll.
The gnoll is heavily wounded.
The gnoll completely misses you. The gnoll hits you with a +0 spear!
You die...

##..##....####..##
##................#
#..###.............
#### #.............
#.............
###............
##..............
###.............).
##@g......###......
#.#####...# ######.
### #...# #. #...#
#. #g..# #. #g..#
#...# #...# #)..#


You could see a gnoll.

Vanquished Creatures
  A gnoll shaman (D:4)
  Terence (D:3)
  2 gnolls (D:4)
  2 adders
  A worm (D:3)
  A dart slug (D:1)
  6 orcs
  2 endoplasms (D:1)
  3 giant cockroaches
  3 goblins
  9 hobgoblins
  7 jackals
  7 kobolds
  A quokka (D:1)
  6 ball pythons (D:1)
  4 bats
  5 rats
61 creatures vanquished.

Notes
Turn   | Place    | Note
-------+----------+-------------------------------------------
     0 | D:1      | Zonian the Human Conjurer began the quest for the Orb.
     0 | D:1      | Reached XP level 1. HP: 13/13 MP: 3/3
   491 | D:1      | Reached XP level 2. HP: 19/19 MP: 0/5
  1735 | D:1      | Reached XP level 3. HP: 24/24 MP: 2/6
  1975 | D:1      | Learned a level 2 spell: Searing Ray
  3324 | D:2      | Reached XP level 4. HP: 30/30 MP: 5/7
  3552 | D:2      | Found a faded altar of an unknown god.
  3560 | D:2      | Became a worshipper of Ashenzari the Shackled
  3815 | D:3      | Found Tahon's Antique Armour Shop.
  4186 | D:3      | Noticed Terence
  4196 | D:3      | Killed Terence
  4560 | D:3      | Reached XP level 5. HP: 36/36 MP: 9/9
  4566 | D:3      | Reached skill level 1 in Short Blades
  4650 | D:3      | Found a blossoming altar of Fedhas.
  5066 | D:4      | HP: 1/37 [gnoll/+0 flail (2)]
  5075 | D:4      | Slain by a gnoll

Illustrated notes

Levels and vault maps discovered:
D:1:      dpeg_arrival_oval, layout_basic, st_stairs_11
D:2:      layout_basic, hellmonk_ecumenical_altar_leap_of_faith
D:3:      layout_basic, old_standard_altar, serial_shops,
          nicolae_shop_statue_plus, uniq_terence
D:4:      layout_layer_cave, old_standard_altar, kennysheep_mini_moat

Skill      XL: |  1  2  3  4  5 |
---------------+----------------+-----
Short Blades   | 1 |  1.5
Spellcasting   | 3 |  3.0
Fighting       | |  0.8
Dodging        | |  2.4
Stealth        | |  2.9
Conjurations   | |  4.9

Action                   |  1- 3 |  4- 6 || total
-------------------------+-------+-------++-------
Melee: Unarmed           |    10 |       ||    10
       Dagger            |    28 |       ||    28
       Rapier            |     4 |    43 ||    47
 Cast: Magic Dart        |    68 |    39 ||   107
       Searing Ray       |       |     4 ||     4
Invok: Curse Item        |       |     1 ||     1
  Use: Scroll            |       |     2 ||     2
       Potion            |       |     2 ||     2
 Stab: Sleeping          |       |     1 ||     1
Armor: Robe              |     8 |    11 ||    19
Dodge: Dodged            |    24 |    27 ||    51

Table legend: (Time is in decaauts)
 A = Elapsed time spent in this place.
 B = Non-inter-level travel time spent in this place.
 C = Inter-level travel time spent in this place.
 D = Time resting spent in this place.
 E = Time spent auto-exploring this place.
 F = Levels seen in this place.
 G = Mean time per level.
                   A        B        C        D        E       F      G
               +--------+--------+--------+--------+--------+-----+--------+
         Total |   5079 |   5028 |     51 |   2404 |   2222 |   4 | 1269.8 |
       Dungeon |   5079 |   5028 |     51 |   2404 |   2222 |   4 | 1269.8 |
               +--------+--------+--------+--------+--------+-----+--------+

Top non-repeatable levels by time:
     D:1: 2808 daAuts
     D:3: 1084 daAuts
     D:2: 858 daAuts
     D:4: 327 daAuts
